 Dungeon Crawl Stone Soup version 0.19.1 (webtiles) character file.

430 doubledope the Chiller (level 6, -14/46 HPs)
             Began as a Draconian Ice Elementalist on Dec 3, 2016.
             Demolished by an ogre
             ... wielding a +0 giant club
              (24 damage)
             ... on level 3 of the Dungeon.
             The game lasted 00:19:46 (4201 turns).

doubledope the Chiller (Draconian Ice Elementalist) Turns: 4201, Time: 00:19:47

Health: -14/46     AC: 13    Str: 10    XL:     6   Next: 66%
Magic:  5/12       EV: 12    Int: 17    God:
Gold:   209        SH:  0    Dex: 12    Spells: 2 memorised, 9 levels left

rFire  . . .     SeeInvis .     (no weapon)
rCold  . . .     Gourm    .     (armour unavailable)
rNeg   . . .     Faith    .     (no shield)
rPois  .         Spirit   .     (helmet restricted)
rElec  .         Reflect  .     (no cloak)
rCorr  .         Harm     .     f - +0 pair of gloves
MR     .....                    (no boots)
Stlth  ++........               p - amulet of regeneration
                                k - ring of fire
                                e - ring of ice

@: icy armour, drained, slow
A: unfitting armour, cold-blooded, AC +6
a: no special abilities


You were on level 3 of the Dungeon.
You were hungry.

You visited 1 branch of the dungeon, and saw 4 of its levels.

You collected 209 gold pieces.

Inventory:

Armour
 f - a +0 pair of gloves (worn)
 h - a +0 robe
Jewellery
 e - a ring of ice (left hand)
 k - a ring of fire (right hand)
 o - an uncursed amulet of faith
 p - an amulet of regeneration (around neck)
Scrolls
 c - 2 scrolls of teleportation {unknown}
 i - 3 scrolls of remove curse {unknown}
 j - 2 scrolls of enchant weapon {unknown}
 r - a scroll of fog {unknown}
 t - 2 scrolls of random uselessness {unknown}
 u - 3 scrolls of amnesia {unknown}
 w - a scroll of immolation {unknown}
Potions
 g - a potion of degeneration {unknown}
 l - a potion of lignification {unknown}
 m - a potion of cancellation {unknown}
 q - a potion of curing {unknown}
 v - a potion of haste {unknown}
Books
 a - a book of Frost

   Spells                             Type                      Level
   a - Freeze                         Ice                          1
   b - Throw Frost                    Conjuration/Ice              2
   c - Ozocubu's Armour               Charms/Ice                   3
   d - Throw Icicle                   Conjuration/Ice              4
   e - Summon Ice Beast               Ice/Summoning                4
Comestibles
 b - a bread ration
 d - 5 beef jerkies
 n - 3 fruits
 s - a meat ration


   Skills:
 + Level 0.7(0.4) Fighting
 + Level 2.5(2.3) Dodging
 + Level 2.0(1.8) Stealth
 + Level 1.0(0.7) Unarmed Combat
 + Level 4.4(4.1) Spellcasting
   Level 1.0(0.7) Conjurations
 + Level 1.0(0.8) Charms
 + Level 5.2(4.9) Ice Magic


You had 9 spell levels left.
You knew the following spells:

 Your Spells              Type           Power        Failure   Level  Hunger
a - Freeze                Ice            ####         2%          1    None
b - Ozocubu's Armour      Chrm/Ice       ###.....     17%         3    ###....


Dungeon Overview and Level Annotations

Branches:
Dungeon (4/15)
 Temple: D:4-7

Altars:

Annotations:
D:4 Dowan, Duvessa


Innate Abilities, Weirdness & Mutations

Your plain brown scales are hard. (AC +6)
You cannot fit into any form of body armour.
You are cold-blooded and may be slowed by cold attacks.


Message History

The ogre closely misses you.
Casting: Freeze
Confirm with . or Enter, or press ? or * to list all spells.
Aiming: Freeze
Press: ? - help, Shift-Dir - straight line, f/p - ogre
Aim: an ogre, wielding a giant club (moderately wounded)
You feel a surge of power!
You freeze the ogre.
The ogre is severely wounded.
The ogre hits you with a giant club!
* * * LOW HITPOINT WARNING * * *
Casting: Freeze
Confirm with . or Enter, or press ? or * to list all spells.
Aiming: Freeze
Press: ? - help, Shift-Dir - straight line, f/p - ogre
Aim: an ogre, wielding a giant club (severely wounded)
You feel a surge of power!
You freeze the ogre.
The ogre is almost dead.
The ogre hits you with a giant club!!
Ouch! That really hurt!
You die...

######## #......#
#......# #......#
#......#
#......##########
########...............#
#.....#O................
#.###.#@................
#.#...#.####.....#.#...#
#.#.###.# ###.#.#<#.#..
#.......# #.#...#.#..
###.##### ##'#####.#..
##'## #...# #.'.. #...#
#...# ###.. #...# #...#
#.. #...# #...# ###


You could see an ogre.

Vanquished Creatures
  The ghost of tognito the Skirmisher, an amateur MiBe of Trog (D:3)
  An orc priest (D:3)
  8 adders
  2 worms
  7 dart slugs (D:4)
  2 leopard geckos
  8 orcs (D:3)
  3 bats
  10 hobgoblins
  3 jackals (D:3)
  3 quokkas
  A ball python (D:2)
  5 frilled lizards
  9 goblins
  6 kobolds
  12 rats
81 creatures vanquished.

Notes
Turn   | Place    | Note
-------+----------+-------------------------------------------
     0 | D:1      | doubledope the Draconian Ice Elementalist began the quest for the Orb.
     0 | D:1      | Reached XP level 1. HP: 14/14 MP: 3/3
   499 | D:1      | Reached XP level 2. HP: 20/20 MP: 3/5
  1478 | D:2      | Reached XP level 3. HP: 19/26 MP: 3/6
  1956 | D:2      | Reached XP level 4. HP: 25/33 MP: 5/8
  2899 | D:3      | Learned a level 3 spell: Ozocubu's Armour
  3058 | D:3      | Reached skill level 4 in Ice Magic
  3182 | D:3      | Reached XP level 5. HP: 39/39 MP: 5/10
  3227 | D:3      | Noticed tognito's ghost (amateur MiBe)
  3241 | D:3      | Killed tognito's ghost
  3241 | D:3      | Reached skill level 1 in Unarmed Combat
  3241 | D:3      | Reached skill level 1 in Charms
  3241 | D:3      | Reached XP level 6. HP: 31/46 MP: 0/12
  3267 | D:3      | Reached skill level 5 in Ice Magic
  4186 | D:4      | Noticed Duvessa
  4188 | D:4      | Noticed Dowan
  4201 | D:3      | Demolished by an ogre

Skill      XL: |  1  2  3  4  5  6 |
---------------+-------------------+-----
Dodging        | 2 |  2.5
Stealth        | 2 |  2.0
Spellcasting   | 3 4 |  4.4
Ice Magic      | 4 5 |  5.2
Unarmed Combat | 1 |  1.0
Charms         | 1 |  1.0
Fighting       | |  0.7
Conjurations   | |  1.0

Action                   |  1- 3 |  4- 6 || total
-------------------------+-------+-------++-------
Melee: Unarmed           |    29 |    35 ||    64
       Tailslap          |     3 |     4 ||     7
 Cast: Freeze            |    44 |    87 ||   131
       Ozocubu's Armour  |       |     4 ||     4
  Eat: Bread ration      |     1 |       ||     1
       Chunk             |       |     3 ||     3
       Pizza             |       |     2 ||     2
Armor: Skin              |    13 |    44 ||    57
Dodge: Dodged            |    45 |    80 ||   125
